 Dungeon Crawl Stone Soup version 0.23.2-1-ga50397a (webtiles) character file.

Game seed: 14375142749287042357

1491 MalarOregon the Grappler (level 8, 0/70 HPs)
             Began as a Ghoul Gladiator on May 29, 2019.
             Slain by an orc warrior
             ... wielding a +0 trident
              (11 damage)
             ... on level 6 of the Dungeon.
             The game lasted 00:08:45 (5933 turns).

MalarOregon the Grappler (Ghoul Gladiator)          Turns: 5933, Time: 00:08:47

Health: 0/70       AC:  5    Str: 20    XL:     8   Next: 80%
Magic:  0/7        EV: 14    Int:  3    God:
Gold:   216        SH:  0    Dex: 10    Spells: 7/7 levels left

rFire    . . .     SeeInvis .     - Unarmed
rCold    + . .     Gourm    .   (no shield)
rNeg     + + +     Faith    .   a - +0 leather armour
rPois    ∞         Spirit   +   b - +1 helmet
rElec    .         Reflect  .   (no cloak)
rCorr    .         Harm     .   (no gloves)
MR       .....                  (no boots)
Stlth    +.........             v - amulet of guardian spirit
HPRegen  0.00/turn              (no ring)
MPRegen  0.10/turn              (no ring)

@: rotting
A: rotting body, claws 1, carnivore, cold resistance 1, negative energy
resistance 3, inhibited regeneration, torment resistance, unbreathing
a: no special abilities


You were on level 6 of the Dungeon.
You were not hungry.

You visited 1 branch of the dungeon, and saw 6 of its levels.
You also visited: Sewer.

You collected 216 gold pieces.

Inventory:

Hand Weapons
 q - a +0 blowgun
   (You took it off a kobold on level 3 of the Dungeon)
Missiles
 c - 3 throwing nets (quivered) {!f}
 h - 8 tomahawks
 p - 14 poisoned needles
 r - 6 needles of sleeping
 w - 3 curare-tipped needles {!f}
Armour
 a - a +0 leather armour (worn)
 b - a +1 helmet (worn)
 f - a +0 cloak
   (You took it off Crazy Yiuf on level 5 of the Dungeon)
Jewellery
 v - an amulet of guardian spirit (around neck)
   (You found it on level 3 of the Dungeon)
Scrolls
 d - a scroll of blinking
 g - a scroll of enchant armour
 j - 8 scrolls of identify {@r1}
 x - 3 scrolls of remove curse {@r2}
 y - a scroll of teleportation {unknown}
 z - 3 scrolls of amnesia {unknown}
 B - a scroll of acquirement {unknown}
Potions
 i - 3 potions of brilliance {unknown}
 k - 7 potions of curing {@q1}
 l - 3 potions of flight {unknown}
 m - a potion of berserk rage {unknown}
 n - a potion of heal wounds {unknown}
 o - a potion of degeneration {unknown}
 s - 3 potions of might {unknown}
 t - a potion of lignification {unknown}
 u - a potion of agility {unknown}
 A - 2 potions of haste {unknown}
Comestibles
 e - 15 rations {!d}


   Skills:
 - Level 5.7 Fighting
 - Level 1.7 Throwing
 - Level 5.9 Dodging
 + Level 8.9 Unarmed Combat


You had 7 spell levels left.
You didn't know any spells.
Your spell library contained the following spells:

 Spells                   Type           Power        Failure   Level  Hunger
 Poison Arrow             Conj/Pois      #.........   100%        6    #######
 Chain Lightning          Conj/Air       #.........   100%        8    #######
 Lehudib's Crystal Spear  Conj/Erth      #.........   100%        8    #######
 Fire Storm               Conj/Fire      #.........   100%        9    #######
 Glaciate                 Conj/Ice       #.........   100%        9    #######


Dungeon Overview and Level Annotations

Branches:
Dungeon (6/15)
 Temple: D:4-7

Altars:


Innate Abilities, Weirdness & Mutations

Your body is rotting away.
You thrive on raw meat.
You are immune to poison.
You have sharp fingernails.
You are carnivorous and can eat meat at any time.
Your flesh is cold resistant. (rC+)
You are immune to negative energy. (rN+++)
You do not regenerate when monsters are visible.
You are immune to unholy pain and torment.
You can survive without breathing.


Message History

* * * LOW HITPOINT WARNING * * *
Eat one of 10 chunks of flesh? (ye/n/q)
You eat one of the 10 chunks of flesh.
This raw flesh tastes great!
The orc warrior misses you.
Unknown command.
Eat one of 9 chunks of flesh? (ye/n/q)
You eat one of the 9 chunks of flesh.
This raw flesh tastes great!
The orc warrior hits you with a +0 trident!
* * * LOW HITPOINT WARNING * * *
Eat one of 8 chunks of flesh? (ye/n/q)
You eat one of the 8 chunks of flesh.
This raw flesh tastes great!
The orc warrior hits you with a +0 trident!
* * * LOW HITPOINT WARNING * * *
Eat one of 7 chunks of flesh? (ye/n/q)
You eat one of the 7 chunks of flesh.
This raw flesh tastes great!
The orc warrior misses you.
Unknown command.
Eat one of 6 chunks of flesh? (ye/n/q)
You eat one of the 6 chunks of flesh.
This raw flesh tastes great!
The orc warrior closely misses you.
Eat one of 5 chunks of flesh? (ye/n/q)
You eat one of the 5 chunks of flesh.
This raw flesh tastes great!
The orc warrior hits you with a +0 trident!
* * * LOW HITPOINT WARNING * * *
Eat one of 4 chunks of flesh? (ye/n/q)
You eat one of the 4 chunks of flesh.
This raw flesh tastes great!
The orc warrior barely misses you.
You scratch the orc warrior.
Eat one of 3 chunks of flesh? (ye/n/q)
You eat one of the 3 chunks of flesh.
This raw flesh tastes great!
The orc warrior misses you.
You barely miss the orc warrior.
The orc warrior hits you with a +0 trident!
* * * LOW HITPOINT WARNING * * *
Eat one of 2 chunks of flesh? (ye/n/q)
You eat one of the 2 chunks of flesh.
This raw flesh tastes great!
The orc warrior hits you with a +0 trident!
* * * LOW HITPOINT WARNING * * *
Eat a chunk of flesh? (ye/n/q)
You eat the chunk of flesh.
This raw flesh tastes great!
The orc warrior hits you with a +0 trident!
* * * LOW HITPOINT WARNING * * *
Okay, then.
You completely miss the orc warrior. The orc warrior closely misses you.
You scratch the orc warrior.
You scratch the orc warrior but do no damage.
The orc warrior closely misses you.
You barely miss the orc warrior.
The orc warrior hits you with a +0 trident!
You die...

...............
.... .........
.##...............
......#...........
..................
...#..o........
#.#.###.......
#..o###.....
##...@...#
#...)<...##
##........#
#............#
##....(##....#
##.[..# #....#
#...#.# .....
........ ....
...#.....# ...


You could see an orc warrior.

Vanquished Creatures
  A sky beast (D:4)
  2 phantoms
  2 ogres
  A centaur (D:5)
  2 big kobolds (Sewer)
  A bullfrog (D:5)
  A howler monkey (D:5)
  2 crimson imps (D:5)
  A jelly (D:5)
  Crazy Yiuf (D:5)
  A bullfrog skeleton (D:5)
  A hound (D:5)
  3 orc wizards
  An iguana (D:5)
  2 worker ants
  A hound skeleton (D:4)
  3 gnolls (D:4)
  10 adders
  8 river rats (Sewer)
  An adder zombie (D:5)
  4 worms
  A dart slug (D:2)
  9 leopard geckos
  9 orcs
  9 giant cockroaches
  6 goblins
  7 hobgoblins
  24 jackals
  4 quokkas
  7 ball pythons
  8 bats
  7 frilled lizards
  22 kobolds
  27 rats
189 creatures vanquished.

Notes
Turn   | Place    | Note
-------+----------+-------------------------------------------
     0 | D:1      | MalarOregon the Ghoul Gladiator began the quest for the
                  | Orb.
     0 | D:1      | Reached XP level 1. HP: 17/17 MP: 0/0
    62 | D:1      | Reached XP level 2. HP: 6/24 MP: 1/1
    68 | D:1      | Reached skill level 4 in Unarmed Combat
   693 | D:2      | Reached XP level 3. HP: 17/29 MP: 2/2
  1076 | D:2      | Reached skill level 5 in Unarmed Combat
  1358 | D:2      | Reached XP level 4. HP: 23/36 MP: 3/3
  2432 | D:3      | Reached skill level 6 in Unarmed Combat
  2477 | D:3      | Reached XP level 5. HP: 14/41 MP: 2/4
  3147 | D:4      | Noticed a phantom
  3217 | D:4      | Killed a phantom
  3217 | D:4      | Reached XP level 6. HP: 45/53 MP: 5/5
  3376 | D:4      | Reached skill level 5 in Fighting
  4081 | D:5      | Entered Level 5 of the Dungeon
  4120 | D:5      | Reached XP level 7. HP: 56/62 MP: 4/6
  4236 | D:5      | Found a glowing drain.
  4289 | Sewer    | Entered a sewer
  4390 | Sewer    | Reached skill level 7 in Unarmed Combat
  4597 | Sewer    | Reached XP level 8. HP: 48/70 MP: 7/7
  4962 | D:5      | Reached skill level 5 in Dodging
  5281 | D:5      | Found a runed translucent door.
  5282 | D:5      | Noticed Crazy Yiuf
  5646 | D:5      | Killed Crazy Yiuf
  5668 | D:6      | Reached skill level 8 in Unarmed Combat
  5933 | D:6      | Slain by an orc warrior

Skill      XL: |  1  2  3  4  5  6  7  8 |
---------------+-------------------------+-----
Unarmed Combat | 4 5 6 7 8 |  8.9
Fighting       | 4 5 |  5.7
Dodging        | 3 4 5 |  5.9
Throwing       | |  1.7

Action                   |  1- 3 |  4- 6 |  7- 9 || total
-------------------------+-------+-------+-------++-------
Melee: Unarmed           |   109 |   213 |   331 ||   653
       Punch             |     4 |     4 |     5 ||    13
Throw: Throwing net      |       |       |     1 ||     1
  Use: Scroll            |       |     7 |       ||     7
 Stab: Held in net/web   |       |       |     1 ||     1
  Eat: Chunk             |     6 |    10 |    26 ||    42
Armor: Leather armour    |    30 |    43 |    84 ||   157
Dodge: Dodged            |    88 |   105 |   235 ||   428
